 Dungeon Crawl Stone Soup version 0.28-a0-872-g80cf8599ee (webtiles) character file.

Game seed: 17452106844132967811

1668 demibob the Grappler (level 8, -7/74 HPs)
             Began as a Troll Monk on Nov 20, 2021.
             Mangled by a hornet (15 damage)
             ... on level 5 of the Dungeon.
             The game lasted 00:09:03 (3917 turns).

demibob the Grappler (Troll Monk)                   Turns: 3917, Time: 00:09:05

Health: -7/74      AC:  4    Str: 20    XL:     8   Next: 69%
Magic:  7/7        EV: 10    Int:  8    God:
Gold:   1381       SH:  0    Dex: 12    Spells: 4/7 levels left

rFire   . . .      SeeInvis .     - Unarmed
rCold   + . .      Faith    .   (no shield)
rNeg    . . .      Spirit   .   a - +0 robe
rPois   .          Reflect  .   (helmet restricted)
rElec   .          Harm     .   (no cloak)
rCorr   .          Rampage  .   (gloves unavailable)
Will    .....      Rage     1%  (boots unavailable)
Stlth   ++........              (no amulet)
HPRegen 1.22/turn               C - ring of protection from cold
MPRegen 0.10/turn               (no ring)

@: slowed, very slow
A: large, unfitting armour, claws 3, regeneration 1, shaggy fur 1, tough skin 1,
berserk 1
a: no special abilities


You were on level 5 of the Dungeon.
You visited 1 branch of the dungeon, and saw 5 of its levels.
You also visited: Sewer.

You collected 1381 gold pieces.


Innate Abilities, Weirdness & Mutations

You are too large for most types of armour.
You have claws for hands.
Your natural rate of healing is unusually fast.
You are covered in fur. (AC +1)
You have tough skin. (AC +1)
You tend to lose your temper in combat.


   Skills:
 - Level 2.4 Fighting
 + Level 3.4 Throwing
 - Level 2.4 Dodging
 - Level 1.0 Stealth
 + Level 10.8 Unarmed Combat


You had 4 spell levels left.
You knew the following spells:

 Your Spells              Type           Power      Damage    Failure   Level
o - Ozocubu's Armour      Ice            0%         N/A       78%         3

Your spell library contained the following spells:

 Spells                   Type           Power      Damage    Failure   Level
 Animate Skeleton         Necr           0%         N/A       41%         1
 Apportation              Tloc           0%         N/A       41%         1
 Sting                    Tmut/Pois      0%         1d3       41%         1
 Summon Small Mammal      Summ           0%         N/A       41%         1
 Poisonous Vapours        Pois/Air       0%         N/A       54%         2
 Olgreb's Toxic Radiance  Pois           0%         N/A       99%         4
 Ozocubu's Refrigeration  Ice            0%         4d5       100%        7

Inventory:

Armour
 a - a +0 robe (worn)
Jewellery
 C - a ring of protection from cold (left claw)
Wands
 b - a wand of acid (16)
 u - a wand of mindburst (1)
 v - a wand of iceblast (9)
Scrolls
 d - a scroll of fog
 f - a scroll of immolation
 k - a scroll of fear {unknown}
 o - 2 scrolls of enchant weapon
 t - 2 scrolls of amnesia {unknown}
 w - a scroll of brand weapon {unknown}
Potions
 e - a potion of might {unknown}
 h - a potion of attraction {unknown}
 i - a potion of flight {unknown}
 j - 3 potions of mutation
 l - a potion of heal wounds {@q2}
 m - a potion of ambrosia {unknown}
 n - a potion of resistance {unknown}
 p - 2 potions of invisibility
 r - a potion of magic {unknown}
 s - a potion of brilliance
 x - a potion of haste {@q3}

Dungeon Overview and Level Annotations

Branches:
Dungeon (5/15)              Sewer (visited)
 Temple: D:4-7

Altars:
Dithmenos
Kikubaaqudgha
Ru

Shops:
D:2

( ## #.# .. #.#
#. #.# #. #.# #.
#.# #. #.#
.#####.###.####
........†.y@..#
.......###.####
.#############.#
......>........#
........########
#######.# #.# ##
#.# .# #.#


You could see a hornet.


Message History

You feel as though you will be slow longer.
You barely miss the hornet.
The hornet is moderately wounded.
The hornet stings you.
* * * LOW HITPOINT WARNING * * *
You are poisoned.
You feel as though you will be slow longer.
The hornet closely misses you.
You miss the hornet.
The hornet is moderately wounded.
You feel very sick. The hornet closely misses you.
You mangle the hornet!!
The hornet is almost dead.
You feel yourself speed up.
You feel sick. The hornet stings you!
* * * LOW HITPOINT WARNING * * *
You are more poisoned.
You feel yourself slow down.
The hornet stings you but does no damage.
You feel better. The hornet closely misses you. The hornet stings you!
* * * LOW HITPOINT WARNING * * *
You feel as though you will be slow longer.
Aiming: Mindburst
Press: ? - help, Shift-Dir - straight line, f/p - hornet
Aim: a hornet (almost dead, chance to affect: 56%)
The hornet resists with significant effort.
The hornet stings you but does no damage.
The hornet stings you!
You die...

Skill      XL: |  1  2  3  4  5  6  7  8 |
---------------+-------------------------+-----
Unarmed Combat | 4 5 6 8 9 10 | 10.8
Throwing       | 3 |  3.4
Fighting       | |  2.4
Dodging        | |  2.4
Stealth        | |  1.0

Action                   |  1- 3 |  4- 6 |  7- 9 || total
-------------------------+-------+-------+-------++-------
Melee: Unarmed           |    97 |   155 |   147 ||   399
       Punch             |       |     2 |     3 ||     5
Throw: Throwing net      |       |       |     1 ||     1
Evoke: Wand              |       |       |    10 ||    10
  Use: Scroll            |       |     3 |     8 ||    11
       Potion            |       |     2 |     5 ||     7
 Stab: Distracted        |     1 |       |       ||     1
       Sleeping          |     5 |     2 |       ||     7
       Invisible         |       |     1 |       ||     1
       Held in net/web   |       |       |     1 ||     1
Armor: Robe              |    24 |    32 |    38 ||    94
Dodge: Dodged            |    33 |    74 |    60 ||   167

Levels and vault maps discovered:
D:1:      grunt_arrival_crossed_arrows, layout_rooms,
          shapermc_ecumenical_altar_acropolis, wad_floor_pattern_1,
          minmay_circled_x
D:2:      layout_loops_ring, serial_shops, nicolae_shop_crystal
D:3:      layout_basic, portal_sewer_entry_b, uniq_robin
D:4:      layout_basic, gammafunk_temple_overflow_pools, chequers_big_river,
          minmay_ruptured
D:5:      layout_basic, mainiacjoe_overflow_alcove_4, zin_angel,
          nicolae_ru_path_of_blood, uniq_duvessa, uniq_sigmund

Notes
Turn   | Place    | Note
-------+----------+-------------------------------------------
     0 | D:1      | demibob the Troll Monk began the quest for the Orb.
     0 | D:1      | Reached XP level 1. HP: 22/22 MP: 0/0
    81 | D:1      | Reached XP level 2. HP: 29/29 MP: 1/1
   135 | D:1      | Found a faded altar of an unknown god.
   142 | D:1      | Reached skill level 4 in Unarmed Combat
   250 | D:1      | Reached XP level 3. HP: 29/36 MP: 2/2
  1036 | D:2      | Found Dopyps's Weapon Shoppe.
  1191 | D:3      | Reached skill level 5 in Unarmed Combat
  1191 | D:3      | Reached XP level 4. HP: 38/44 MP: 3/3
  1463 | D:3      | Noticed Robin
  1479 | D:3      | Killed Robin
  1637 | D:3      | Reached XP level 5. HP: 50/50 MP: 4/4
  1714 | D:3      | Found a glowing drain.
  1726 | Sewer    | Entered a sewer
  1828 | Sewer    | Reached skill level 6 in Unarmed Combat
  1865 | Sewer    | Found a burning altar of Makhleb.
  1908 | Sewer    | Reached XP level 6. HP: 49/59 MP: 5/5
  1913 | Sewer    | Reached skill level 7 in Unarmed Combat
  2010 | Sewer    | Noticed Grinder
  2039 | Sewer    | Killed Grinder
  2040 | Sewer    | Reached skill level 8 in Unarmed Combat
  2040 | Sewer    | Reached XP level 7. HP: 42/66 MP: 6/6
  2410 | D:3      | Identified a scroll of acquirement
  2410 | D:3      | Acquired 1168 gold pieces
  2851 | D:4      | Reached skill level 9 in Unarmed Combat
  3013 | D:4      | Reached XP level 8. HP: 35/74 MP: 7/7
  3080 | D:4      | Reached skill level 10 in Unarmed Combat
  3201 | D:4      | Found an ancient bone altar of Kikubaaqudgha.
  3201 | D:4      | Found a shadowy altar of Dithmenos.
  3544 | D:5      | Entered Level 5 of the Dungeon
  3585 | D:5      | Noticed Sigmund
  3593 | D:5      | Killed Sigmund
  3594 | D:5      | Reached skill level 1 in Throwing
  3600 | D:5      | Noticed Duvessa
  3603 | D:5      | Killed Duvessa
  3604 | D:5      | Reached skill level 2 in Throwing
  3606 | D:5      | Noticed Dowan
  3608 | D:5      | Killed Dowan
  3654 | D:5      | Reached skill level 3 in Throwing
  3793 | D:5      | Found a sacrificial altar of Ru.
  3857 | D:5      | Learned a level 3 spell: Ozocubu's Armour
  3894 | D:5      | Noticed a hornet
  3898 | D:5      | Paralysed by a hornet for 3 turns
  3907 | D:5      | Gained mutation: You tend to lose your temper in combat.
                  | [potion of mutation]
  3908 | D:5      | Paralysed by a hornet for 2 turns
  3916 | D:5      | HP: 6/74 [hornet (14)]
  3917 | D:5      | Mangled by a hornet

Vanquished Creatures
  Grinder (Sewer)
  Sigmund (D:5)
  Duvessa (D:5)
  A necrophage (D:4)
  A black bear (D:5)
  A kobold brigand (Sewer)
  A gnoll sergeant (D:4)
  A scorpion (D:4)
  A water moccasin zombie (D:5)
  2 water moccasin skeletons
  Dowan (D:5)
  2 quasits (Sewer)
  A centaur zombie (D:4)
  An orc priest (D:5)
  A bullfrog skeleton (D:5)
  A gnoll shaman (D:4)
  4 iguanas (D:4)
  An orc wizard (D:5)
  Robin (D:3)
  13 gnolls
  2 adders
  3 shadow imps (Sewer)
  6 ufetubi
  2 adder zombies (Sewer)
  An adder skeleton (D:4)
  2 dart slugs
  10 orcs
  10 ball pythons
  3 bats
  2 endoplasms (D:1)
  7 giant cockroaches
  16 goblins
  8 hobgoblins
  9 jackals
  27 kobolds
  A quokka (D:5)
  3 frilled lizards (D:2)
  11 rats
160 creatures vanquished.

Vanquished Creatures (others)
  An endoplasm (Sewer)
  A fungus (D:1)
  2 plants (D:4)
4 creatures vanquished.

Grand Total: 164 creatures vanquished

Table legend: (Time is in decaauts)
 A = Elapsed time spent in this place.
 B = Non-inter-level travel time spent in this place.
 C = Inter-level travel time spent in this place.
 D = Time resting spent in this place.
 E = Time spent auto-exploring this place.
 F = Levels seen in this place.
 G = Mean time per level.
                   A        B        C        D        E       F      G
               +--------+--------+--------+--------+--------+-----+--------+
         Total |   3876 |   3771 |    105 |    161 |   2686 |   6 |  646.0 |
       Dungeon |   3503 |   3398 |    105 |    159 |   2491 |   5 |  700.6 |
         Sewer |    373 |    373 |      0 |      2 |    195 |   1 |  373.0 |
               +--------+--------+--------+--------+--------+-----+--------+

Top non-repeatable levels by time:
     D:3: 1032 daAuts
     D:4: 977 daAuts
     D:2: 571 daAuts
     D:1: 552 daAuts
   Sewer: 373 daAuts
     D:5: 369 daAuts

Table legend:
 A = Non-vault XP
 B = Vault XP
 C = Vault XP percentage of total XP
 D = Non-vault monster count
 E = Vault monster count
 F = Vault count percentage of total count
                 A         B        C        D         E       F
            +---------+---------+-------+---------+---------+-------
      Total |    1335 |    1048 |  44.0 |     102 |      58 |  36.2
            +---------+---------+-------+---------+---------+-------
        D:1 |      50 |       5 |   9.1 |      29 |       4 |  12.1
        D:2 |      20 |       0 |   0.0 |      13 |       0 |   0.0
        D:3 |      88 |      41 |  31.8 |      15 |      15 |  50.0
        D:4 |     770 |       8 |   1.0 |      35 |       3 |   7.9
        D:5 |     407 |     416 |  50.5 |      10 |       3 |  23.1
      Sewer |       0 |     578 | 100.0 |       0 |      33 | 100.0
            +---------+---------+-------+---------+---------+-------
